 Dungeon Crawl Stone Soup version 0.29-a0-23-ga79f92ac9c (webtiles) character file.

Game seed: 4689084842700065234

3012 Ajdolov the Grappler (level 9, -11/92 HPs)
             Began as a Troll Monk on Jan 30, 2022.
             Shot with an arrow by a centaur warrior (27 damage)
             ... on level 8 of the Dungeon.
             The game lasted 00:07:59 (5333 turns).

Ajdolov the Grappler (Troll Monk)                   Turns: 5333, Time: 00:07:59

Health: -11/92     AC:  5    Str: 28    XL:     9   Next: 55%
Magic:  8/8        EV: 10    Int:  8    God:
Gold:   382        SH:  0    Dex: 18    Spells: 8/8 levels left

rFire   . . .      SeeInvis .     - Unarmed
rCold   . . .      Faith    .   (no shield)
rNeg    . . .      Spirit   .   a - +0 robe
rPois   +          Reflect  .   q - +0 hat
rElec   .          Harm     .   c - +0 cloak
rCorr   .          Rampage  .   (gloves unavailable)
Will    .....                   (boots unavailable)
Stlth   ++........              (no amulet)
HPRegen 1.05/turn               s - ring of poison resistance
MPRegen 0.11/turn               j - ring of the Stallion {Str+3 Int+2 Dex+6}

@: no status effects
A: large, unfitting armour, claws 3, regeneration 1, shaggy fur 1, tough skin 1
a: no special abilities


You were on level 8 of the Dungeon.
You visited 1 branch of the dungeon, and saw 8 of its levels.

You collected 382 gold pieces.

Inventory:

Armour
 a - a +0 robe (worn)
 c - a +0 cloak (worn)
 l - a scarf of repulsion
 q - a +0 hat (worn)
Jewellery
 d - a ring of see invisible
 j - the ring of the Stallion (right claw) {Str+3 Int+2 Dex+6}
   (You found it on level 2 of the Dungeon)

   [ring of dexterity]

   Str:       It affects your strength (+3).
   Int:       It affects your intelligence (+2).
   Dex:       It affects your dexterity (+6).
 m - a ring of positive energy
 s - a ring of poison resistance (left claw)
 y - a ring of magical power
 z - a ring of flight
Wands
 v - a wand of acid (11)
 w - a wand of iceblast (4)
Scrolls
 b - 2 scrolls of blinking {unknown}
 e - a scroll of enchant armour {unknown}
 h - a scroll of summoning {unknown}
 i - 10 scrolls of identify {unknown}
 k - 3 scrolls of teleportation {unknown}
 r - a scroll of noise {unknown}
 u - a scroll of fear {unknown}
Potions
 f - 2 potions of mutation {unknown}
 g - a potion of brilliance {unknown}
 n - a potion of might {unknown}
 o - 2 potions of invisibility {unknown}
 p - a potion of cancellation {unknown}
 t - a potion of degeneration {unknown}
 x - a potion of lignification {unknown}


   Skills:
 + Level 6.9 Fighting
 - Level 2.4 Dodging
 - Level 1.0 Stealth
 * Level 11.3 Unarmed Combat


You had 8 spell levels left.
You didn't know any spells.
Your spell library contained the following spells:

 Spells                   Type           Power      Damage    Failure   Level
 Conjure Flame            Conj/Fire      0%         6-21      78%         3
 Dazzling Flash           Conj/Hex       0%         N/A       78%         3
 Ignite Poison            Fire/Tmut/Pois 0%         N/A       78%         3
 Sticky Flame             Conj/Fire      0%         2d3       99%         4
 Agony                    Necr           0%         N/A       100%        5
 Silence                  Hex/Air        0%         N/A       100%        5


Dungeon Overview and Level Annotations

Branches:
Dungeon (8/15)             Temple (0/1) D:5
   Lair: D:8-11

Altars:
Elyvilon
Gozag
Sif Muna
Yredelemnul

Shops:
D:3 (   D:6 [


Innate Abilities, Weirdness & Mutations

You are too large for most types of armour.
You have claws for hands.
Your natural rate of healing is unusually fast.
You are covered in fur. (AC +1)
You have tough skin. (AC +1)


Message History

There is a stone staircase leading down here.
You scratch the kobold but do no damage.
You feel sick. The kobold hits you with a +3 dagger.
The kobold closely misses you.
You mangle the kobold!!
You kill the kobold!
You feel sick. The kobold hits you but does no damage.
You scratch the kobold but do no damage.
You claw the kobold.
You kill the kobold!
You feel sick.
You are no longer poisoned.
No target in view!
You climb downwards.
You hear the roar of battle.
There is an entrance to a bailey on this level.
Hurry and find it before the portal closes forever!
There is a stone staircase leading up here.
You mangle the kobold!!
You kill the kobold!
A centaur warrior comes into view.
You closely miss the kobold.
The centaur warrior shouts!
You scratch the kobold.
You kill the kobold!
You mangle the kobold!!
You kill the kobold!
The centaur warrior wields a +0 longbow.
The centaur warrior shoots an arrow.
The arrow hits you!
The centaur warrior shoots an arrow.
The arrow hits you!!
The centaur warrior shoots an arrow.
The arrow hits you!!
The kobold brigand hits you with a +0 dagger.
* * * LOW HITPOINT WARNING * * *
Things that are here:
a +0 whip; 4 stones The centaur warrior shoots an arrow.
The arrow closely misses you.
A boulder beetle comes into view.
The centaur warrior shoots an arrow.
The arrow hits you!
* * * LOW HITPOINT WARNING * * *
The centaur warrior shoots an arrow.
The arrow hits you!!
You die...

#...#
#...###
...B...
...c..
###...# #
#.#...#.#
#..$....#
#.#)).#.#.#
#@K<).....#
###.###.###
.... ..
##.### .
... .## .
#.


You could see a boulder beetle, a centaur warrior and a kobold brigand.

Vanquished Creatures
  A two-headed ogre (D:8)
  Pikel (D:5)
  A cyclops (D:7)
  A water moccasin (D:7)
  2 ice beasts
  An ogre (D:6)
  A centaur (D:7)
  A kobold brigand (D:7)
  A phantom (D:5)
  A bullfrog (D:6)
  3 scorpions
  8 howler monkeys (D:7)
  4 hounds
  2 jellies
  An orc priest (D:6)
  Robin (D:4)
  4 gnolls (D:4)
  6 adders
  A shadow imp (D:5)
  3 white imps
  2 worms
  3 dart slugs
  19 orcs
  A ball python (D:3)
  3 bats
  8 endoplasms
  5 giant cockroaches
  16 goblins
  8 hobgoblins
  5 jackals
  2 quokkas (D:1)
  13 kobolds
  6 rats
135 creatures vanquished.

Notes
Turn   | Place    | Note
-------+----------+-------------------------------------------
     0 | D:1      | Ajdolov the Troll Monk began the quest for the Orb.
     0 | D:1      | Reached XP level 1. HP: 22/22 MP: 0/0
   132 | D:1      | Reached XP level 2. HP: 29/29 MP: 1/1
   630 | D:2      | Reached XP level 3. HP: 36/36 MP: 2/2
   748 | D:2      | Identified the ring of the Stallion {Str+3 Int+2 Dex+6}
   922 | D:2      | Reached skill level 4 in Unarmed Combat
  1268 | D:3      | Found an opulent altar of Gozag.
  1482 | D:3      | You fall into a shaft and drop 3 floors!
  1513 | D:6      | Found Caozi's Antique Armour Emporium.
  1517 | D:6      | Noticed an ice beast
  1526 | D:5      | Entered Level 5 of the Dungeon
  1548 | D:5      | Noticed a lemure
  1572 | D:5      | Found a staircase to the Ecumenical Temple.
  1592 | D:4      | Reached XP level 4. HP: 45/45 MP: 3/3
  1860 | D:3      | Found a white marble altar of Elyvilon.
  2099 | D:3      | Found Ijiz's Weapon Shop.
  2360 | D:4      | Noticed a scorpion
  2367 | D:4      | Killed a scorpion
  2368 | D:4      | Reached skill level 5 in Unarmed Combat
  2368 | D:4      | Reached XP level 5. HP: 53/53 MP: 4/4
  2858 | D:4      | Noticed Robin
  2903 | D:4      | Killed Robin
  2904 | D:4      | Reached XP level 6. HP: 43/62 MP: 5/5
  3065 | D:4      | Reached skill level 6 in Unarmed Combat
  3332 | D:5      | Noticed Pikel
  3347 | D:5      | Killed Pikel
  3348 | D:5      | Reached skill level 7 in Unarmed Combat
  3348 | D:5      | Reached XP level 7. HP: 67/71 MP: 6/6
  3889 | D:6      | Reached skill level 5 in Fighting
  3889 | D:6      | Reached skill level 8 in Unarmed Combat
  3906 | D:6      | Reached XP level 8. HP: 71/80 MP: 7/7
  4077 | D:6      | Found a shimmering blue altar of Sif Muna.
  4077 | D:6      | Found a basalt altar of Yredelemnul.
  4684 | D:7      | Reached skill level 9 in Unarmed Combat
  4911 | D:7      | Reached skill level 10 in Unarmed Combat
  5066 | D:7      | Reached XP level 9. HP: 89/89 MP: 8/8
  5126 | D:7      | Noticed a cyclops
  5134 | D:7      | Killed a cyclops
  5309 | D:8      | Noticed a two-headed ogre
  5311 | D:8      | Killed a two-headed ogre
  5312 | D:8      | Reached skill level 11 in Unarmed Combat
  5326 | D:8      | Noticed a centaur warrior
  5331 | D:8      | Noticed a boulder beetle
  5333 | D:8      | Shot with an arrow by a centaur warrior

Illustrated notes

Levels and vault maps discovered:
D:1:      mushboom_english_gardens, layout_basic, glass_columns_a
D:2:      layout_basic
D:3:      layout_basic, elyvilon_altar_1, mainiacjoe_overflow_catwalk,
          serial_shops, nicolae_shop_waterfront,
          hangedman_decor_clover_reticule, guppyfry_early_orc_mine
D:4:      layout_basic, chequers_serial_rivers_small_b, uniq_robin
D:5:      layout_loops_corners, minmay_temple_entry_trees,
          grunt_decor_arrowhead, serial_bayou_crossing, uniq_pikel
D:6:      layout_loops_ring, gammafunk_temple_overflow_statue, serial_shops,
          nicolae_shop_competitors_out_of_business, patterned_corridor
D:7:      layout_basic
D:8:      layout_basic, enter_bailey_5

Skill      XL: |  1  2  3  4  5  6  7  8  9 |
---------------+----------------------------+-----
Unarmed Combat | 4 5 7 8 10 11 | 11.3
Fighting       | 3 4 5 6 |  6.9
Dodging        | |  2.4
Stealth        | |  1.0

Action                   |  1- 3 |  4- 6 |  7- 9 || total
-------------------------+-------+-------+-------++-------
Melee: Unarmed           |    97 |    98 |   128 ||   323
       Punch             |     1 |       |     2 ||     3
 Stab: Sleeping          |     6 |     4 |     1 ||    11
Armor: Robe              |    28 |    27 |    29 ||    84
Dodge: Dodged            |    33 |    47 |    43 ||   123

Table legend: (Time is in decaauts)
 A = Elapsed time spent in this place.
 B = Non-inter-level travel time spent in this place.
 C = Inter-level travel time spent in this place.
 D = Time resting spent in this place.
 E = Time spent auto-exploring this place.
 F = Levels seen in this place.
 G = Mean time per level.
                   A        B        C        D        E       F      G
               +--------+--------+--------+--------+--------+-----+--------+
         Total |   5302 |   5188 |    114 |      0 |   4221 |   8 |  662.8 |
       Dungeon |   5302 |   5188 |    114 |      0 |   4221 |   8 |  662.8 |
               +--------+--------+--------+--------+--------+-----+--------+

Top non-repeatable levels by time:
     D:4: 967 daAuts
     D:3: 933 daAuts
     D:6: 829 daAuts
     D:5: 792 daAuts
     D:7: 633 daAuts
     D:1: 610 daAuts
     D:2: 519 daAuts
     D:8: 14 daAuts
